 Dungeon Crawl Stone Soup version 0.24-a0-459-g225fefd530 (webtiles) character file.

Game seed: 10950305672162364945

26 vurker the Charmwright (level 3, 0/31 HPs)
             Began as a Gnoll Skald on June 30, 2019.
             Slain by an ogre
             ... wielding a +0 giant club
              (12 damage)
             ... on level 2 of the Dungeon.
             The game lasted 00:01:55 (1092 turns).

vurker the Charmwright (Gnoll Skald)                Turns: 1092, Time: 00:01:56

Health: 0/31       AC:  3    Str: 13    XL:     3   Next: 8%
Magic:  0/9        EV: 14    Int: 16    God:
Gold:   66         SH:  0    Dex: 14    Spells: 5/12 levels left

rFire    . . .     SeeInvis .   a - +0 spear
rCold    . . .     Gourm    .   (no shield)
rNeg     . . .     Faith    .   b - +0 leather armour
rPois    .         Spirit   .   (no helmet)
rElec    .         Reflect  .   (no cloak)
rCorr    .         Harm     .   (no gloves)
MR       .....                  (no boots)
Stlth    +.........             (no amulet)
HPRegen  0.10/turn              d - ring of wizardry
MPRegen  0.11/turn              (no ring)

@: very slightly contaminated
A: distributed training, fangs 1, strong nose
a: no special abilities


You were on level 2 of the Dungeon.
You were not hungry.

You visited 1 branch of the dungeon, and saw 2 of its levels.

You collected 66 gold pieces.

Inventory:

Hand Weapons
 a - a +0 spear (weapon)
Armour
 b - a +0 leather armour (worn)
Jewellery
 d - a ring of wizardry (left hand)
   (You found it on level 1 of the Dungeon)
Scrolls
 f - 4 scrolls of enchant armour {unknown}
 h - a scroll of remove curse {unknown}
 i - a scroll of blinking {unknown}
Potions
 g - a potion of curing {unknown}
Comestibles
 c - 4 chunks of flesh
 e - 2 rations {!d}


   Skills:
 + Level 4.5 Fighting
 + Level 0.6 Short Blades
 + Level 0.6 Long Blades
 + Level 0.6 Axes
 + Level 0.6 Maces & Flails
 + Level 4.5 Polearms
 + Level 0.6 Staves
 + Level 0.6 Slings
 + Level 0.6 Bows
 + Level 0.6 Crossbows
 + Level 0.6 Throwing
 + Level 2.5 Armour
 + Level 4.5 Dodging
 + Level 0.6 Stealth
 + Level 0.6 Shields
 + Level 0.6 Unarmed Combat
 + Level 5.0 Spellcasting
 + Level 0.4 Conjurations
 + Level 0.4 Hexes
 + Level 5.4 Charms
 + Level 0.4 Summonings
 + Level 0.4 Necromancy
 + Level 0.4 Translocations
 + Level 0.4 Transmutations
 + Level 0.4 Fire Magic
 + Level 0.4 Ice Magic
 + Level 0.4 Air Magic
 + Level 0.4 Earth Magic
 + Level 0.4 Poison Magic
 + Level 0.8 Invocations
 + Level 0.6 Evocations


You had 5 spell levels left.
You knew the following spells:

 Your Spells              Type           Power        Failure   Level  Hunger
a - Spectral Weapon       Hex/Chrm       ##......     7%          3    ###....
o - Infusion              Chrm           ###.         1%          1    None
q - Regeneration          Chrm/Necr      ##........   7%          3    ###....

Your spell library contained the following spells:

 Spells                   Type           Power        Failure   Level  Hunger
 Song of Slaying          Chrm           ###.....     1%          2    #......
 Shroud of Golubria       Chrm/Tloc      ##....       3%          2    #......


Dungeon Overview and Level Annotations

Branches:
Dungeon (2/15)

Altars:
Dithmenos
Xom


Innate Abilities, Weirdness & Mutations

Your experience applies equally to all skills.
You have very sharp teeth.
Your uncanny sense of smell can sniff out nearby items.


Message History

Memorise Regeneration, consuming 3 spell levels and leaving 7?
Okay, then.
Memorise Spectral Weapon, consuming 3 spell levels and leaving 7?
You start memorising the spell.
You continue memorising. x3
The orc shouts!
You finish memorising.
Spell assigned to 'a'.
You hit the orc but do no damage. The orc barely misses you.
You hit the orc but do no damage. You hit the orc. The orc closely misses you.
You hit the orc. The orc closely misses you.
You barely miss the orc. The orc hits you with a +0 hand axe.
You hit the orc.
You kill the orc!
Your Spellcasting skill increases to level 5!
Memorise Regeneration, consuming 3 spell levels and leaving 5?
You start memorising the spell.
You continue memorising. x3
You finish memorising.
Spell assigned to 'b'.
Adjust (i)tems, (s)pells, or (a)bilities?
Adjust which spell? b - Regeneration Adjust to which letter? q - Regeneration Eating one of 5 chunks of flesh.
You eat one of the 5 chunks of flesh.
The ogre is too close now for your liking.
An ogre is nearby!
An ogre is nearby!
Attack whom?
Aim: an ogre, wielding a +0 giant club You reach to attack!
You hit the ogre but do no damage.
You don't know that spell.
You miscast Spectral Weapon.
You are very lightly contaminated with residual magic.
The air around you crackles with energy!
The ogre closely misses you.
You completely miss the ogre. The ogre misses you.
You hit the ogre.
Unknown command.
You miscast Spectral Weapon.
Your skin tingles.
The ogre hits you with a +0 giant club!!
Ouch! That really hurt!
* * * LOW HITPOINT WARNING * * *
You draw out your weapon's spirit!
The ogre completely misses you.
You hit the ogre.
Your spectral weapon barely misses the ogre.
The ogre misses you.
You barely miss the ogre.
Your spectral weapon closely misses the ogre.
You hit the ogre.
Your spectral weapon hits the ogre.
The ogre hits you with a +0 giant club!
You die...

#.# #.########.....# #.#
###.#............. #.#
...#.#..##....... #.#
#.####..#.#...#.#+#.#. #.#
#.?.......#.....#.#.#.
#.#.#####...###.....#.#...
#.#...).........>.........
#.######...#..............
#.######.@.#.###..#.###...
#........O##.#....#+###...
########(..#.#.........(..
#.....#..#....##...
#.#......#.........
#####.######.#.....##..
#..........###.###.##..
#......#####♣_≈. ##....
#§.§....# _^.. ####.


You could see an ogre and a friendly spectral +0 spear.

Vanquished Creatures
  An orc (D:2)
  5 bats
  2 goblins
  4 hobgoblins
  3 kobolds (D:1)
  A quokka (D:2)
  A ball python (D:1)
  3 frilled lizards
  4 rats (D:1)
24 creatures vanquished.

Notes
Turn   | Place    | Note
-------+----------+-------------------------------------------
     0 | D:1      | vurker the Gnoll Skald began the quest for the Orb.
     0 | D:1      | Reached XP level 1. HP: 20/20 MP: 6/6
   169 | D:1      | Reached XP level 2. HP: 22/26 MP: 7/7
   872 | D:2      | Found a shadowy altar of Dithmenos.
  1036 | D:2      | Found a shimmering altar of Xom.
  1036 | D:2      | Found a shimmering altar of Xom.
  1044 | D:2      | Noticed an ogre
  1063 | D:2      | Reached XP level 3. HP: 28/31 MP: 9/9
  1068 | D:2      | Learned a level 3 spell: Spectral Weapon
  1075 | D:2      | Reached skill level 5 in Spellcasting
  1080 | D:2      | Learned a level 3 spell: Regeneration
  1092 | D:2      | Slain by an ogre

Levels and vault maps discovered:
D:1:      dpeg_chamrin_arrival_tetris, layout_loops_ring
D:2:      layout_basic, lemuel_crystal_altar, grunt_dithmenos_smoke_and_mirrors,
          xom_redecorated

Skill      XL: |  1  2  3 |
---------------+----------+-----
Spellcasting   | 5 |  5.0
Fighting       | |  4.5
Short Blades   | |  0.6
Long Blades    | |  0.6
Axes           | |  0.6
Maces & Flails | |  0.6
Polearms       | |  4.5
Staves         | |  0.6
Slings         | |  0.6
Bows           | |  0.6
Crossbows      | |  0.6
Throwing       | |  0.6
Armour         | |  2.5
Dodging        | |  4.5
Stealth        | |  0.6
Shields        | |  0.6
Unarmed Combat | |  0.6
Conjurations   | |  0.4
Hexes          | |  0.4
Charms         | |  5.4
Summonings     | |  0.4
Necromancy     | |  0.4
Translocations | |  0.4
Transmutations | |  0.4
Fire Magic     | |  0.4
Ice Magic      | |  0.4
Air Magic      | |  0.4
Earth Magic    | |  0.4
Poison Magic   | |  0.4
Invocations    | |  0.8
Evocations     | |  0.6

Action                   || total
-------------------------++-------
Melee: Spear             ||    91
       Bite              ||     3
       Punch             ||     1
 Cast: Spectral Weapon   ||     1
  Eat: Chunk             ||     1
Armor: Leather armour    ||     9
Dodge: Dodged            ||    43

Table legend:
 A = Non-vault XP
 B = Vault XP
 C = Vault XP percentage of total XP
 D = Non-vault monster count
 E = Vault monster count
 F = Vault count percentage of total count
                 A         B        C        D         E       F
            +---------+---------+-------+---------+---------+-------
      Total |      38 |       0 |   0.0 |      24 |       0 |   0.0
            +---------+---------+-------+---------+---------+-------
        D:1 |      24 |       0 |   0.0 |      16 |       0 |   0.0
        D:2 |      14 |       0 |   0.0 |       8 |       0 |   0.0
            +---------+---------+-------+---------+---------+-------
